 Dungeon Crawl Stone Soup version 0.22.1-1-ga44c0e5 (webtiles) character file.

35847 Zebedee the Blocker (level 13, -2/64 HPs)
             Began as a Gargoyle Venom Mage on Oct 18, 2018.
             Was a High Priest of Makhleb.
             Slain by a minotaur
             ... wielding the +5 dagger "Zebedee's Bane" {pierce, *Noise rN+ Dex+8}
              (8 damage)
             ... in a labyrinth.
             The game lasted 02:14:46 (24469 turns).

Zebedee the Blocker (Gargoyle Venom Mage)          Turns: 24469, Time: 02:14:47

Health: -2/64      AC: 28    Str: 22    XL:     13   Next: 86%
Magic:  11/22      EV: 17    Int: 19    God:    Makhleb [*****.]
Gold:   801        SH: 14    Dex: 15    Spells: 11/24 levels left

rFire    . . .     SeeInvis .   i - +1 flail (crush)
rCold    . . .     Gourm    .   t - +0 shield
rNeg     + . .     Faith    .   j - +4 troll leather armour
rPois    ∞         Spirit   .   P - +2 hat
rElec    +         Reflect  .   (no cloak)
rCorr    .         Harm     .   L - +2 pair of gloves
MR       .....                  K - +2 pair of boots
Stlth    +++.......             v - amulet of rage
HPRegen  0.60/turn              R - +5 ring of strength
MPRegen  0.18/turn              O - +3 ring of intelligence

@: agile, very slightly contaminated, hasted, invisible, very quick
A: hooves 1, frail 1, negative energy resistance 1, shaggy fur 1, electricity
resistance, unbreathing, petrification resistance, rot immunity, AC +9
a: Minor Destruction, Lesser Servant of Makhleb, Major Destruction, Greater
Servant of Makhleb, Renounce Religion, Evoke Berserk Rage


You were in a labyrinth.
You worshipped Makhleb.
Makhleb was extremely pleased with you.
You were not hungry.

You visited 2 branches of the dungeon, and saw 16 of its levels.
You also visited: Labyrinth and Sewer.

You collected 928 gold pieces.
You spent 127 gold pieces at shops.

Inventory:

Hand Weapons
 i - a +1 flail of crushing (weapon)
 J - a +0 trident
Missiles
 d - 9 steel tomahawks
 k - 333 stones (quivered)
 p - 43 sling bullets
 H - 16 tomahawks
Armour
 j - a +4 troll leather armour (worn)
 t - a +0 shield (worn)
 K - a +2 pair of boots (worn)
 L - a +2 pair of gloves (worn)
 P - a +2 hat (worn)
Jewellery
 s - an uncursed ring of ice
 v - an amulet of rage (around neck)
 A - an uncursed ring of see invisible
 O - a +3 ring of intelligence (right hand)
 Q - an uncursed amulet of the acrobat
 R - a +5 ring of strength (left hand)
 U - an uncursed amulet of regeneration
 W - an uncursed ring of flight
Wands
 m - a wand of iceblast (5)
 w - a wand of random effects (65)
 S - a wand of digging (28)
 T - a wand of polymorph (12)
Scrolls
 a - 2 scrolls of identify
 b - 8 scrolls of amnesia
 h - 3 scrolls of fog
 n - a scroll of magic mapping
 r - 2 scrolls of blinking
 y - a scroll of vulnerability
 B - 3 scrolls of remove curse
 C - a scroll of fear
 F - 4 scrolls of teleportation
 V - a scroll of enchant armour
Potions
 o - a potion of agility
 q - a potion of heal wounds
 x - 3 potions of curing
 z - a potion of ambrosia {unknown}
 D - a potion of magic
 E - a potion of flight {unknown}
 G - a potion of haste
 I - 2 potions of lignification
 M - 2 potions of cancellation
Comestibles
 c - 27 rations


   Skills:
 - Level 4.8 Fighting
 + Level 12.2 Maces & Flails
 - Level 5.3 Armour
 - Level 1.5 Dodging
 - Level 2.1 Stealth
 * Level 13.6 Shields
 - Level 6.0 Spellcasting
 - Level 4.0 Conjurations
 - Level 1.3 Necromancy
 - Level 3.0 Transmutations
 - Level 3.0 Air Magic
 - Level 5.0 Earth Magic
 - Level 9.0 Poison Magic
 + Level 3.0 Invocations
 - Level 2.0 Evocations


You had 11 spell levels left.
You knew the following spells:

 Your Spells              Type           Power        Failure   Level  Hunger
a - Sting                 Conj/Pois      ####         1%          1    None
b - Poisonous Vapours     Pois/Air       ####..       1%          2    None
c - Animate Skeleton      Necr           N/A          9%          1    None
d - Olgreb's Toxic Radia  Pois           #####...     3%          4    ####...
e - Passwall              Tmut/Erth      ###.....     4%          2    None
f - Stone Arrow           Conj/Erth      ###...       7%          3    ##.....

Your spell library contained the following spells:

 Spells                   Type           Power        Failure   Level  Hunger
 Sandblast                Erth           ####..       1%          1    None
 Mephitic Cloud           Conj/Pois/Air  ####....     4%          3    ##.....
 Apportation              Tloc           #.....       16%         1    None
 Confusing Touch          Hex            #.....       16%         1    None
 Summon Small Mammal      Summ           #...         16%         1    None
 Petrify                  Tmut/Erth      ###.....     28%         4    ####...
 Venom Bolt               Conj/Pois      ####......   28%         5    #####..
 Lee's Rapid Deconstruct  Erth           ####......   45%         5    #####..
 Bolt of Magma            Conj/Fire/Erth ###.......   77%         5    #####..
 Iskenderun's Battlesphe  Conj/Chrm      ##......     88%         5    #####..
 Iron Shot                Conj/Erth      ###.......   98%         6    #######
 Orb of Destruction       Conj           ###.......   100%        7    #######
 Spellforged Servitor     Conj/Summ      ##........   100%        7    #######


Dungeon Overview and Level Annotations

Branches:
Dungeon (15/15)            Temple (1/1) D:6            Lair (0/6) D:8
    Orc (0/2) D:11         Vaults (0/5) D:14
 Depths: D:15

Altars:
Ashenzari
Cheibriados
Dithmenos
Elyvilon
Fedhas
Gozag
Hepliaklqana
Kikubaaqudgha
Makhleb
Nemelex Xobeh
Okawaru
Qazlal
Ru
Sif Muna
Trog
Uskayaw
Vehumet
Wu Jian
Xom
Yredelemnul
Zin
The Shining One

Shops:
D:13 ?

Annotations:
D:2 exclusion: 2 downstairs
D:4 exclusion: downstairs
D:5 2 transporters, exclusion: ice beast
D:6 exclusion: downstairs
D:7 1 runed door, exclusion: 4 orange crystal statues


Innate Abilities, Weirdness & Mutations

You are resistant to torment.
Your stone body is resilient. (AC +9)
You are immune to poison.
You resist negative energy. (rN+)
You are resistant to electric shocks. (rElec)
You can survive without breathing.
You are immune to petrification.
You are immune to rotting.
You have large cloven feet.
You are frail. (-10% HP)
You are covered in fur. (AC +1)


Message History

The stone arrow hits the minotaur.
The minotaur is severely wounded.
The minotaur completely misses you. You block the minotaur's attack.
Casting: Stone Arrow (safe; 7% risk of failure)
Confirm with . or Enter, or press ? or * to list all spells.
Aiming: Stone Arrow (safe; 7% risk of failure)
Press: ? - help, Shift-Dir - straight line, f/p - minotaur
Aim: a minotaur, wielding a shimmering dagger {pierce}, wearing a chain mail The stone arrow hits the minotaur.
The minotaur is severely wounded.
Casting: Stone Arrow (safe; 7% risk of failure)
Confirm with . or Enter, or press ? or * to list all spells.
Aiming: Stone Arrow (safe; 7% risk of failure)
Press: ? - help, Shift-Dir - straight line, f/p - minotaur
Aim: a minotaur, wielding a shimmering dagger {pierce}, wearing a chain mail The stone arrow hits the minotaur.
The minotaur is severely wounded.
The minotaur hits you with a shimmering dagger {pierce}!!
* * * LOW HITPOINT WARNING * * *
You die...

# #.# # .##
# # ...
..... # # ##
## #.# . .
.# #. # ##
###.# . # #.
#. .# ##
#.#H####.#
#.. #.@....#
.
#.########..
# ... . .# #
## ### ##


You could see a minotaur.

Vanquished Creatures
  Josephine (D:13)
  Fannar (D:11)
  5 vault guards (D:14)
  A hydra (D:14)
  2 ogre magi
  5 two-headed ogres (D:12)
  3 centaur warriors
  A tengu warrior (D:14)
  A wolf spider zombie (D:13)
  An orc sorcerer (D:14)
  8 ugly things
  2 deep elf magi
  A manticore (D:14)
  5 cyclopes
  2 centaur zombies
  2 centaur skeletons
  3 gargoyles
  A kobold demonologist (D:12)
  A komodo dragon (D:14)
  2 tengu conjurers (D:13)
  6 trolls
  3 meliai (D:13)
  A raiju (shapeshifter) (D:10)
  4 hippogriffs
  A spriggan (D:7)
  A wyvern (D:13)
  5 wraiths (D:13)
  A human (D:14)
  5 hungry ghosts
  2 soldier ants
  A soldier ant (shapeshifter) (D:14)
  2 acid dragons
  Duvessa (D:5)
  A black bear (shapeshifter) (D:14)
  An eye of draining (D:12)
  9 orc warriors
  3 ice beasts
  3 sky beasts
  A black bear (D:12)
  3 necrophages
  5 ogres
  10 centaurs
  A crocodile (Sewer)
  2 big kobolds
  9 bullfrogs
  Dowan (D:4)
  A gnoll sergeant (D:10)
  A wyvern skeleton (D:9)
  6 scorpions
  A water moccasin skeleton (D:9)
  5 killer bees (D:8)
  15 wights
  2 howler monkeys
  7 crimson imps
  A bullfrog zombie (D:6)
  4 hounds
  2 quasits
  7 orc priests
  19 orc wizards
  5 jellies
  2 bullfrog skeletons
  9 iguanas
  10 worker ants
  A hound zombie (D:9)
  2 hound skeletons
  A worker ant zombie (D:10)
  18 adders
  14 gnolls
  3 shadow imps
  4 oozes
  An adder skeleton (D:4)
  5 worms
  3 dart slugs (D:1)
  6 leopard geckos
  75 orcs
  3 ball pythons
  6 bats
  10 giant cockroaches
  5 hobgoblins
  9 jackals
  9 quokkas
  11 frilled lizards
  7 goblins
  A jackal skeleton (D:4)
  14 kobolds
  10 rats
445 creatures vanquished.

Vanquished Creatures (collateral kills)
  A wraith (D:11)
1 creature vanquished.

Grand Total: 446 creatures vanquished

Notes
Turn   | Place    | Note
-------+----------+-------------------------------------------
     0 | D:1      | Zebedee the Gargoyle Venom Mage began the quest for the
                  | Orb.
     0 | D:1      | Reached XP level 1. HP: 10/10 MP: 3/3
   327 | D:1      | Reached XP level 2. HP: 15/15 MP: 0/5
   684 | D:1      | Learned a level 2 spell: Poisonous Vapours
   725 | D:1      | Reached XP level 3. HP: 17/20 MP: 0/6
  1977 | D:2      | Reached XP level 4. HP: 12/24 MP: 2/7
  1998 | D:2      | Reached skill level 1 in Armour
  2522 | D:3      | Reached skill level 1 in Air Magic
  2527 | D:3      | Reached XP level 5. HP: 19/28 MP: 1/9
  2692 | D:3      | Reached skill level 1 in Fighting
  2724 | D:3      | Found a glowing drain.
  2781 | Sewer    | Entered a sewer
  2962 | Sewer    | Learned a level 1 spell: Animate Skeleton
  3091 | Sewer    | Noticed a crocodile
  3102 | Sewer    | Killed a crocodile
  3102 | Sewer    | Reached XP level 6. HP: 34/34 MP: 0/10
  4029 | D:3      | Noticed an ice beast
  4425 | D:3      | Found a shimmering altar of Xom.
  5042 | D:4      | Found a sparkling altar of Nemelex Xobeh.
  5050 | D:4      | Reached XP level 7. HP: 38/38 MP: 10/12
  5148 | D:4      | Found an opulent altar of Gozag.
  5291 | D:4      | Found a white marble altar of Elyvilon.
  5477 | D:4      | Became a worshipper of Elyvilon the Healer
  5502 | D:5      | Entered Level 5 of the Dungeon
  5649 | D:5      | Noticed Dowan
  5681 | D:5      | Noticed Duvessa
  6135 | D:5      | Killed Duvessa
  6150 | D:4      | Killed Dowan
  6150 | D:4      | Reached skill level 1 in Necromancy
  6150 | D:4      | Reached skill level 5 in Poison Magic
  6360 | D:5      | Found a sacrificial altar of Ru.
  6360 | D:5      | Noticed a two-headed ogre
  6360 | D:5      | Noticed a yak
  6407 | D:5      | Found a transporter.
  6413 | D:5      | Found a transporter.
  6470 | D:5      | Reached XP level 8. HP: 18/44 MP: 5/14
  6849 | D:5      | Reached * piety under Elyvilon
  7547 | D:6      | Found a staircase to the Ecumenical Temple.
  7960 | D:5      | Reached skill level 1 in Maces & Flails
  8109 | Temple   | Entered the Ecumenical Temple
  8195 | Temple   | Fell from the grace of Elyvilon
  8195 | Temple   | Became a worshipper of Makhleb the Destroyer
  8501 | D:5      | Found a stormy altar of Qazlal.
  8501 | D:5      | Found an ancient bone altar of Kikubaaqudgha.
  8612 | D:5      | Found a glowing golden altar of the Shining One.
  8631 | D:6      | Reached skill level 5 in Spellcasting
  8863 | D:6      | Found a shadowy altar of Dithmenos.
  9416 | D:6      | Reached skill level 1 in Shields
  9849 | D:6      | Reached skill level 2 in Shields
  9878 | D:6      | Learned a level 4 spell: Olgreb's Toxic Radiance
  9893 | D:7      | Reached XP level 9. HP: 51/51 MP: 9/16
  9966 | D:7      | Found a runed door.
  9978 | D:7      | Found the +10 large shield of Ignorance {rN+ Int-4}
  9983 | D:7      | Found a runed door.
  9983 | D:7      | Noticed an orange crystal statue
 10015 | D:7      | Noticed an orange crystal statue
 10015 | D:7      | Noticed an orange crystal statue
 10015 | D:7      | Noticed an orange crystal statue
 10231 | D:7      | Noticed a troll
 10519 | D:7      | Reached * piety under Makhleb
 10619 | D:7      | Killed a troll
 10619 | D:7      | Reached skill level 3 in Shields
 11070 | D:7      | Reached skill level 5 in Armour
 11173 | D:8      | Found a staircase to the Lair.
 11303 | D:8      | Was forgiven by Elyvilon
 11404 | D:8      | Found a shattered altar of Ashenzari.
 11485 | D:8      | Reached skill level 5 in Maces & Flails
 11608 | D:8      | Reached skill level 4 in Shields
 11609 | D:8      | Reached skill level 1 in Invocations
 11734 | D:8      | Found a blossoming altar of Fedhas.
 11918 | D:8      | Reached XP level 10. HP: 57/57 MP: 9/17
 12073 | D:9      | Found a bloodstained altar of Trog.
 12100 | D:9      | Learned a level 2 spell: Passwall
 12151 | D:9      | Reached ** piety under Makhleb
 12173 | D:9      | Reached skill level 1 in Earth Magic
 12233 | D:9      | Reached skill level 1 in Transmutations
 12433 | D:9      | Gained mutation: You do not regenerate when monsters are
                  | visible. [potion of mutation]
 12433 | D:9      | Gained mutation: Armour fits poorly on your strangely
                  | shaped body. [potion of mutation]
 12433 | D:9      | Gained mutation: You are partially covered in molten
                  | scales. (AC +2) [potion of mutation]
 12434 | D:9      | Lost mutation: You are partially covered in molten scales.
                  | (AC +2) [potion of mutation]
 12434 | D:9      | Lost mutation: Armour fits poorly on your strangely shaped
                  | body. [potion of mutation]
 12434 | D:9      | Lost mutation: You do not regenerate when monsters are
                  | visible. [potion of mutation]
 12434 | D:9      | Gained mutation: You are covered in fur. (AC +1) [potion of
                  | mutation]
 12434 | D:9      | Gained mutation: You possess an exceptional clarity of
                  | mind. [potion of mutation]
 12434 | D:9      | Gained mutation: You are frail. (-10% HP) [potion of
                  | mutation]
 12434 | D:9      | Gained mutation: You have large cloven feet. [potion of
                  | mutation]
 12819 | D:10     | Entered Level 10 of the Dungeon
 14162 | D:11     | Noticed a cyclops
 14167 | D:10     | Reached *** piety under Makhleb
 14220 | D:11     | Killed a cyclops
 14220 | D:11     | Reached skill level 5 in Shields
 14511 | D:11     | Reached skill level 6 in Shields
 14511 | D:11     | Reached XP level 11. HP: 51/55 MP: 18/18
 14732 | D:11     | Found a staircase to the Orcish Mines.
 14782 | D:11     | Noticed a cyclops
 14806 | D:11     | Killed a cyclops
 14806 | D:11     | Reached skill level 7 in Shields
 14816 | D:11     | Reached **** piety under Makhleb
 15003 | D:11     | Noticed Fannar
 15021 | D:11     | Killed Fannar
 15281 | D:11     | Noticed a cyclops
 15296 | D:11     | Killed a cyclops
 15372 | D:11     | Reached skill level 8 in Shields
 15699 | D:12     | Noticed a two-headed ogre
 15701 | D:12     | Noticed a two-headed ogre
 15723 | D:12     | Killed a two-headed ogre
 15731 | D:12     | Killed a two-headed ogre
 15772 | D:12     | Noticed an ogre mage
 15772 | D:12     | Noticed a two-headed ogre
 15772 | D:12     | Noticed a two-headed ogre
 15772 | D:12     | Noticed a two-headed ogre
 15787 | D:12     | Killed a two-headed ogre
 15787 | D:12     | Reached skill level 9 in Shields
 15790 | D:12     | Killed an ogre mage
 15799 | D:12     | Killed a two-headed ogre
 15799 | D:12     | Reached XP level 12. HP: 58/61 MP: 1/19
 15952 | D:12     | Reached skill level 10 in Maces & Flails
 16097 | D:12     | Reached skill level 10 in Shields
 16174 | D:12     | Noticed a soul eater
 16541 | D:12     | Reached ***** piety under Makhleb
 16940 | D:12     | Killed a two-headed ogre
 17318 | D:13     | Found Ceiparuf's Magic Scroll Boutique.
 17414 | D:13     | Bought a scroll of enchant armour for 127 gold pieces
 17445 | D:13     | Reached skill level 11 in Shields
 17670 | D:13     | Noticed a centaur warrior
 17691 | D:13     | Killed a centaur warrior
 17874 | D:13     | Noticed Josephine
 17898 | D:13     | Killed Josephine
 17898 | D:13     | Reached skill level 1 in Evocations
 18210 | D:13     | Reached skill level 12 in Shields
 18210 | D:13     | Reached XP level 13. HP: 64/64 MP: 4/20
 18565 | D:14     | Reached skill level 5 in Earth Magic
 19031 | D:14     | Found a glowing golden altar of the Shining One.
 19393 | D:14     | Noticed a vault guard
 19406 | D:14     | Learned a level 3 spell: Stone Arrow
 19492 | D:14     | Noticed an ogre mage
 19661 | D:14     | Lost mutation: You possess an exceptional clarity of mind.
                  | [a neqoxec]
 19693 | D:14     | Paralysed by an ogre mage for 2 turns
 19706 | D:14     | Killed an ogre mage
 20044 | D:14     | Killed a vault guard
 20217 | D:14     | Noticed a vault guard
 20222 | D:14     | Noticed a vault guard
 20254 | D:14     | Killed a vault guard
 20254 | D:14     | Reached skill level 13 in Shields
 20385 | D:14     | Noticed a vault guard
 20411 | D:14     | Killed a vault guard
 20521 | D:14     | Noticed a vault guard
 20555 | D:14     | Killed a vault guard
 20564 | D:14     | Killed a vault guard
 20752 | D:14     | Found a gate to the Vaults.
 20977 | D:15     | Entered Level 15 of the Dungeon
 20977 | D:15     | Found a labyrinth entrance.
 20977 | D:15     | Noticed a fire dragon
 20984 | Lab      | Entered a labyrinth
 24441 | Lab      | Noticed a minotaur
 24469 | Lab      | Identified the +5 dagger "Zebedee's Bane" {pierce, *Noise
                  | rN+ Dex+8}
 24469 | Lab      | Slain by a minotaur

Skill      XL: |  1  2  3  4  5  6  7  8  9 10 11 12 13 |
---------------+----------------------------------------+-----
Armour         | 1 2 3 4 5 |  5.3
Conjurations   | 2 4 |  4.0
Air Magic      | 1 2 3 |  3.0
Fighting       | 1 2 3 4 |  4.8
Poison Magic   | 4 5 6 7 9 |  9.0
Spellcasting   | 3 4 5 6 |  6.0
Necromancy     | 1 |  1.3
Maces & Flails | 3 5 7 9 11 12 | 12.2
Shields        | 2 4 6 9 12 13 | 13.6
Invocations    | 1 3 |  3.0
Earth Magic    | 2 4 5 |  5.0
Transmutations | 1 3 |  3.0
Evocations     | 1 2 |  2.0
Dodging        | |  1.5
Stealth        | |  2.1

Action                   |  1- 3 |  4- 6 |  7- 9 | 10-12 | 13-15 || total
-------------------------+-------+-------+-------+-------+-------++-------
Melee: Unarmed           |     8 |       |       |       |       ||     8
       Club              |   119 |   170 |   430 |       |       ||   719
       Short sword       |    10 |       |       |       |       ||    10
       Flail             |       |       |   126 |   783 |   257 ||  1166
 Cast: Sting             |    28 |    23 |    74 |     4 |       ||   129
       Poisonous Vapours |    11 |    39 |   171 |   141 |    49 ||   411
       Animate Skeleton  |       |     1 |       |       |       ||     1
       Olgreb's Toxic Ra |       |       |     1 |    63 |    41 ||   105
       Passwall          |       |       |       |     1 |       ||     1
       Stone Arrow       |       |       |       |       |    13 ||    13
Invok: Lesser Servant of |       |       |       |     2 |       ||     2
 Abil: Evoke Berserk Rag |       |       |       |       |     1 ||     1
Evoke: Wand              |       |    11 |       |    14 |    14 ||    39
  Use: Scroll            |       |    11 |     5 |    13 |     8 ||    37
       Potion            |       |       |       |     6 |     6 ||    12
 Stab: Sleeping          |       |     2 |       |     2 |       ||     4
       Paralysed         |       |       |       |     5 |    11 ||    16
  Eat: Chunk             |     4 |    13 |    28 |    34 |    17 ||    96
       Ration            |       |       |       |     1 |     5 ||     6
Armor: Robe              |     1 |       |       |       |       ||     1
       Leather armour    |    63 |    63 |    15 |       |       ||   141
       Ring mail         |       |       |   339 |       |       ||   339
       Troll leather arm |       |       |    56 |   438 |   105 ||   599
Dodge: Dodged            |   102 |   128 |   455 |   343 |    68 ||  1096
Block: Buckler           |       |       |    36 |    47 |       ||    83
       Shield            |       |       |       |   340 |   137 ||   477
